[Event "44th Chess Olympiad Open 2022"]
[Site "Chennai"]
[Date "2022.07.29"]
[Round "1.6"]
[White "Durarbayli, Vasif"]
[Black "Djabri, Massinas"]
[Result "1-0"]
[WhiteElo "2638"]
[BlackElo "2206"]
[Annotator "TA"]
[PlyCount "63"]
[EventDate "2022.??.??"]
[TimeControl "60"]

1. e4 c5 2.
Nf3 d6 3. d4 cxd4 4. Nxd4 Nf6 5. Nc3 a6 6. Be2 e5 7. Nb3 Be7 8. Be3 O-O 9. g4 Be6 10. g5 Nfd7 11. h4 {[%emt 0:00:26] B92: Sicilian
Najdorf: 6 Be2.} Nb6 12. Qd2 {[%emt 0:06:05] White is more
active.} Nc4 13. Bxc4 {[%emt 0:01:21] White is better.} Bxc4 {
[%emt 0:00:05] [#]} 14. f4 $146 ({Predecessor:} 14. O-O-O Nc6
15. Kb1 Rc8 16. Nd5 Bxd5 17. Qxd5 b5 18. c3 b4 19. c4 a5 20. Rdg1 {0-1 (60)
Lopez del Alamo,A (2249)-Karttunen,M (2489) Chess.com INT 2022}) 14... exf4 15. Bxf4 Nc6 16. O-O-O Ne5 17. Nd4 Qc7 (17... Be6 $16) 18. h5 $18 Rac8 19. Kb1 Rfd8 20. Rdg1 g6 $2 {
[%emt 0:49:04] [#]} (20... b5 {is more resistant.} 21. g6 fxg6) 21. hxg6 fxg6 22. Qh2 Bf8 (22... h5 $142 23. gxh6 Bf6) 23. b3 {[%emt 0:00:11] White is clearly
winning.} h5 24. gxh6 Kh7 25. Qg3 {[%emt 0:04:44] [#] Hoping for Bxe5.} Qb6 26. Nd5 Bxd5 27. exd5 Qxd4 28. Bxe5 Qe4 29. Bc3 Rc5 (29... Rd7 $142 30. Rh4 (30. Rh2
Rdc7 $16) 30... Rxc3 31. Rxe4 Rxg3 32. Rxg3 Kxh6) 30. Rh4 Rxc3 31. Rxe4 Rxg3 32. Rxg3 {
[%emt 0:00:02] Black got outplayed after the opening. Weighted Error Value:
White=0.64/Black=0.64} 1-0

[Event "44th Chess Olympiad Open 2022"]
[Site "Chennai"]
[Date "2022.07.29"]
[Round "1.6"]
[White "Brahami, Lamine"]
[Black "Guseinov, Gadir"]
[Result "0-1"]
[WhiteElo "2189"]
[BlackElo "2668"]
[Annotator "TA"]
[PlyCount "104"]
[EventDate "2022.??.??"]
[TimeControl "60"]

1. d4 Nf6 2. Nf3 d6 3. Bf4 g6 4. e3 Bg7 5. h3 O-O 6. Be2 Nbd7 7. O-O b6 8. c4 Bb7 9. Nc3 Ne4 $1
{[%emt 0:09:19] The main line 9...Ne4 scores better than 9...Re8.} 10. Nxe4 Bxe4 11. Rc1 {[%emt 0:00:47] E61: King's
Indian: Early deviations for White, including Smyslov System.} e5 12. Bh2 Bb7 $5 {[%emt 0:05:29] An interesting side line.}
13. b4 {[%emt 0:08:29] [#] The position is equal.} a5 $146 (
13... c5 $11) ({Predecessor:} 13... Qe7 14. Qc2 exd4 15. Nxd4 a5 16. a3 axb4
17. axb4 Be5 18. Rfd1 c5 19. bxc5 Bxh2+ 20. Kxh2 dxc5 21. Nb5 Nf6 22. Kg1 Ne4
23. Bf3 Rfd8 24. Rxd8+ Rxd8 25. Rd1 Rxd1+ {½-½ (25) Kawagoe, T (1847)
-Husemann,A (2050) LSS email 2013}) 14. c5 $1 $14 {[%emt 0:06:35][%cal Yc4c5,
Yc5c6] And now c6 would win.} e4 {[%emt 0:02:02] [#]} (14... axb4 $2 15. c6
Bxc6 16. Rxc6 $18) 15. c6 $1 (15. Nd2 bxc5 16. bxc5 dxc5 $14)
15... exf3 16. Bxf3 Ba6 17.
cxd7 Rb8 (17... Ra7 $142) 18. Re1 (18. b5 Bxb5 19. Bc6 Bxc6 20. Rxc6 Rb7 $16) 18... Qxd7 19. Qc2 Rfc8 20. Bc6 Qe7 21. b5 Bb7 22. Bxb7 Rxb7 23. Qc6 $36 {[%emt 0:00:00] White has strong
initiative.} Rcb8 24. Rc4 Ra7 25. a4 f5 26. e4 Rf8 27. e5 f4 28. Re4 g5 29. h4 h6 30. exd6 Qxd6 31. Qxd6 (31. hxg5 $18 {[%cal Yh2f4] aiming for Bxf4!} hxg5 32. g3)
31... cxd6 $11 32. Rc6 d5 33. Re1 Bxd4 34. Rxh6 g4 $1 {[%emt 0:00:09] Hoping for ...g3.} 35. Rd1 Bc5 36. Kh1 ({Avoid the trap
} 36. Rxd5 $2 g3 37. Rd1 gxh2+ 38. Kxh2 Bxf2 $19) 36... Bxf2 37. Rxd5 $2 {[%emt 0:00:26] [#]} (37. Bg1 $11 g3 38. Bxf2 (38. Rxd5 $2 Rh7 $19)
38... gxf2 39. Rf1 (39. Rxb6 $2 Re7 $19)) 37... Rg7 $2 (37...
g3 $1 $19 {( -> ... Re8)} 38. Bg1 Rh7 39. Rg6+ Kh8) 38. Rdh5 $1 {[%emt 0:00:32]
Strongly threatening Rh8+.} Rgf7 39. Rg5+ Rg7 40. Rgh5 Rgf7 41. Rg5+ Rg7 42. Rhg6 Rxg6 43. Rxg6+ {[%emt 0:00:07] Endgame KRB-KRB} Kh7 44.
Rxg4 Be3 45. Bg1 {[%emt 0:01:03] Black must
now prevent Bxe3.} Re8 46. Bh2 Re4 47. g3 $2 (47. Bg1 $11 {and White has nothing to
worry.} Rb4 48. Kh2) 47... Rxa4 $19 48. gxf4 Rb4 49. Kg2 $2 (49. Rg5 a4 50. Re5) 49... a4
{[%emt 0:00:02][%cal Ya5a4,Ya4a3,Ya3a2] ...a3 is the strong threat. Black is
clearly winning.} 50. Rg3 Rb2+ 51. Kf3 {
[%emt 0:00:30] [#]} a3 $1 52. Bg1 (52. Kxe3
a2) 52... a2 {[%emt 0:00:29] A wild game. Weighted Error Value: White=0.76/
Black=0.20 (precise)} 0-1

[Event "44th Chess Olympiad Open 2022"]
[Site "Chennai"]
[Date "2022.07.29"]
[Round "1.6"]
[White "Bengherabi, Khalil"]
[Black "Abasov, Nijat"]
[Result "0-1"]
[WhiteElo "2097"]
[BlackElo "2633"]
[Annotator "TA"]
[PlyCount "122"]
[EventDate "2022.??.??"]
[TimeControl "60"]

1. e4 c5 2. Nf3 d6 3. d4 cxd4 4. Nxd4 Nf6 5. Nc3 a6 6. g3 e5 7. Nb3 Be7 8. Bg2 O-O 9. O-O Be6 10. a4 Nbd7 11. Re1 {[%emt 0:00:22] B91: Sicilian Najdorf: 6 g3.} Qc7 $1 {
[%emt 0:01:06] is recently more successful than 11...Rc8.} 12. Nd2 Qc5 13. Nf1 {[%emt 0:08:09] The position is equal.} Rfc8 14. Ne3 Bd8 {[%emt 0:05:55] [#]} 15. Ncd5
$146 ({Predecessor:} 15. Qd3 Ba5 16. Rd1 Bxc3 17. bxc3 Qxc3
18. Qxc3 Rxc3 19. Rxd6 Rac8 20. Rb1 R3c7 21. Ba3 {1-0 (41) Sengupta,D (2435)
-Feller,S (2478) Banyoles 2007}) 15... Bxd5 16. exd5 b5 17. b3 Ba5 {[%emt 0:04:53] And
now ...Qc3 would win.} 18. Bd2 {[%emt 0:05:25] Against Qc3} Bxd2 19. Qxd2 g6 {[%emt 0:00:16] Prevents Nf5.} 20. Red1 h5 21. axb5 axb5 22. b4 Qb6 23. Ra5 Rxa5 24. bxa5 Qc5 25. Rb1 Ra8 26. Bf1 Ne4 27. Qb4 Nc3 28. Qxc5 dxc5 (28... Nxc5 $11 29. Ra1 Kf8) 29. Ra1 (
29. Rxb5 $5 Nxb5 30. Bxb5 $11) 29... c4 30. a6 Nc5 31. a7 (31. d6 $11 {keeps the balance.}
) 31... N5a4 $17 {[%emt 0:00:10] Black is more active. Pair of Knights!} 32.
Nd1 (32. g4 $17 {was called for.}) 32... Nxd1 $19 33. Rxd1 {[%emt 0:00:04] aiming for d6.} Rxa7 {[%emt 0:00:20] Endgame
KRB-KRN} 34. d6 {[%emt 0:00:20] [#]} Rd7 $1 {[%emt 0:00:38] White must now
prevent ...Nc3.} 35. Bg2 Nc3 36. Bc6 Rd8 ({But not} 36... Nxd1 37. Bxd7 Nc3 {[#]}
38. Bxb5 $1 $16) 37. Rd2 e4 (37... b4 $19 {
Hoping for ...Kf8.} 38. Kf1 Kf8) 38. Kf1 $15 Kg7 39. Ke1 Kf6 40. f4 {[%emt 0:00:31] This
costs White the game.} (40. h4 $15) 40... exf3 41. Kf2 $2 (41. d7 {is a better chance.}) 41... Ke5 $19 42. d7 Ne4+ 43. Bxe4 Kxe4 {
[%emt 0:00:00] KR-KR} 44. c3 Ke5 45. Kxf3 Ke6 46. Rb2 Rxd7 47. Rxb5 Rd3+ 48. Ke4 Rxc3 49. Rc5 (49. Rb6+ $142 Ke7 50. Rb2)
49... Rc2 {[%emt 0:00:00] Black is clearly winning.} 50. h4 Rc3 51. Kf4 Rc1 52. Ke4 Kd6 {[%emt 0:00:00] Prevents Rc6+.} 53. Rc8 Re1+ 54. Kf3 Kd5 55. Rc7 Kd4 56. Rd7+ Kc3 57. Kg2 Re2+ 58. Kf3 Re5 59. Kf4 Re1 {[%emt 0:00:00] Threatens to
win with ...Kc2.} 60. Kg5 Rf1 61. Rc7 Kd3 {[%emt 0:00:00] Weighted Error Value: White=0.47/Black=0.
18 (very precise)} 0-1

[Event "44th Chess Olympiad Open 2022"]
[Site "Chennai"]
[Date "2022.07.29"]
[Round "1.7"]
[White "L'Ami, Erwin"]
[Black "Ahmad, Al Khatib"]
[Result "1-0"]
[WhiteElo "2634"]
[BlackElo "2244"]
[Annotator "TA"]
[PlyCount "144"]
[EventDate "2022.??.??"]
[TimeControl "60"]

1. e4 c6 2. Nc3 d5 3. Nf3 Bg4 4. h3 Bxf3 5. Qxf3 e6 6. g3 Nf6 7. Bg2 {[%emt 0:00:21] B11:
Caro-Kann: Two Knights Variation.} Bc5 {[%emt 0:01:25] Recently 7...Bb4 got a
lot of attention.} 8. O-O O-O 9. d3 {[%emt 0:01:37] The
position is equal.} Nbd7 10. Qe2 a5 11. a4 Qb6 12. Kh2 {[%emt 0:04:41] 
[#]} dxe4 $146 ({Predecessor:} 12... Rad8 13. e5 Ne8 14. Bd2
Nc7 15. f4 Rde8 16. Rab1 f6 17. Na2 fxe5 18. b4 axb4 19. Nxb4 {0-1 (34)
Mickiewicz,P (2233)-Rakotomaharo,F (2422) Chess.com INT 2020}) 13. dxe4 e5 14. Nd1 Qa6 15. Re1 Qxe2 16. Rxe2 b5 17. Bd2 b4 18. Ne3 Nb6 {[%emt 0:02:10] Prevents Nc4.} 19. b3 Bd4
$1 {[%emt 0:04:42] Against c3} 20. Rc1 g6 21.
f3 c5 22.
c3 bxc3 23. Bxc3 Rfb8 24. Be1 Ne8 25. f4 Rc8 (25... Ra7 $11) 26. fxe5
$14 Bxe3 27. Rxe3 c4 $1 28. Ra1 {[%emt 0:04:27] White is more active.} Nc7 29. Bf1 Ne6 30. Ra2 cxb3 $1 ({But not} 30... Nd4 31. bxc4 Rc7 32. Bf2 $16) 31.
Rxb3 Rc1 {[%emt 0:00:31] [#]} (31... Nxa4 $11 32. Re3 (32.
Rxa4 Nc5 $11) 32... Nac5) 32. Rxb6 (32. Bd2 $1 $14 Rxf1 33.
Kg2 (33. Rxb6 Rf2+ 34. Kg1 Re2 $11)) 32... Rxe1 $11 33. Bc4
$36 {[%emt 0:00:07] White has good play.} Rc8 (33... Ra7 $11)
34. Bxe6 $16 {[%emt 0:01:40] Black is on the road to losing.} fxe6 35. Rxe6 Rxe4 {[%emt 0:00:36] Endgame KRR-KRR} 36. Re7 Rcc4 37. h4 $1 {[%emt 0:02:00] Rb2 is the
strong threat.} Rxa4 $2 (37... h5 $16) 38. Rf2 $18 {[%emt 0:
00:01] Black must now prevent e6.} Rab4 39. Rff7 {[%emt 0:03:
56] And now Rg7+ would win.} Rxe5 40. Rg7+ Kf8 {[%emt 0:00:30] [#]} 41. Ref7+ $1 Ke8 42.
Ra7 Kf8 {[%emt 0:04:08] Inhibits Rg8+.} 43. Rxh7 Kg8 {[%emt 0:03:29] Inhibits Rh8+.} 44. Rag7+ (44. Rhg7+ $142 Kf8 45. Rxg6) 44... Kf8 45.
Ra7 Kg8 {[%emt 0:01:58] Inhibits Rh8+.} 46. Rhg7+ Kf8 47. Rxg6 a4 (47... Rbb5 $18 48. Rf6+ Kg8) 48. Rf6+ Kg8 49. Kh3 Rc5 50. Rd6 Rc8 {[%emt 0:00:25] Prevents Rd8+.} 51. h5 Kh8 52. Rdd7 Rb5 53. g4 (53. Kh4 $142 Rb4+ 54. g4 Rb1 55. Rd6 Rbc1 56. Rxa4 R8c7 57. Rad4 Rh1+
58. Kg5 Rg7+ 59. Rg6) 53... Rb1 54. Rxa4 $2 (
54. Kh4 Rh1+ 55. Kg5 Rc5+ 56. Kf4 Rf1+ 57. Kg3 Rg1+ 58. Kh3 Rc3+ 59. Kh4) 54...
Rc3+ $2 (54... Rg8 55. Rd5 Rg1) 55. Kh4 Rh1+ 56. Kg5 Rc5+ 57. Kf4 {
[%emt 0:00:30] Ra8+ would kill now.} Rf1+ 58. Kg3 {[%emt 0:00:
08] Intending Ra8+ and mate.} Rc3+ {[%emt 0:01:06] [#]} 59. Kg2 $1 Rf8 60. Rad4 $2 (60. Raa7 {mates} Rb8
61. Rh7+ Kg8 62. Rhg7+ Kh8 63. Rh7+ Kg8 64. Rag7+ Kf8 65. Rb7) 60... Rb8 $2 (60... Rff3 $18 61. Re7 Rg3+ 62. Kf2 Rcf3+ 63. Ke1 Rf8) 61. Rd3
{[%emt 0:02:57] White mates.} Rbb3 62. Rxc3 Rxc3 {[%emt 0:00:02] KR-KR} 63. Rf7 Kg8 64.
Rf3 Rc1 65. Kg3 Kh7 66. Kh4 Rc5 67. Rf7+ Kg8 68. Rf5 Rc7 69. h6 Kh7 70. Kh5 Rc1 71. Rf7+ Kg8 72. Rg7+ Kh8 {[%emt 0:00:19] Weighted Error Value: White=0.54/Black=0.48
} 1-0

[Event "44th Chess Olympiad Open 2022"]
[Site "Chennai"]
[Date "2022.07.29"]
[Round "1.7"]
[White "Warmerdam, Max"]
[Black "Ibrahim Alwahsh"]
[Result "1-0"]
[WhiteElo "2610"]
[BlackElo "2058"]
[Annotator "TA"]
[PlyCount "75"]
[EventDate "2022.??.??"]
[TimeControl "60"]

1. d4 {[%emt 0:00:08] Fernandez,D} Nf6 2. c4 g6 3. g3 Bg7 4. Bg2 O-O 5. Nc3 c5 6. dxc5 {[%emt 0:01:06] E61: King's Indian:
Early deviations for White, including Smyslov System.} Qa5 7.
Qa4 Qxc5 8. Be3 {[%emt 0:00:08] White is
slightly better.} Qc7 9. c5 $5 {[%emt 0:12:32] [#] A
promising side line.} Na6 $146 ({Predecessor:} 9... Nc6 10.
Rd1 b6 11. cxb6 Qb8 12. bxa7 Qxb2 13. Nb5 Bb7 14. Qb3 Qxb3 15. axb3 Nxa7 16.
Bxb7 {1-0 (62) So,W (2792)-Jones,G (2640) Wijk aan Zee 2018 CBM 183 [Fernandez,
D]}) 10. Rc1 (10. Qb5 $11) 10... Qd8 (10...
Nxc5 $15 11. Qh4 d6) 11. Nf3 $16 d6 12. cxd6 exd6 13. O-O Bd7 14. Qa3 Bc6 15. Rfd1 Ne8 16. Nd5 Nac7 17. Bg5 f6 18. Nxc7 {[%emt 0:00:10] 0x0.
00168747d246dp-1022s more active pieces.} Qxc7 19. Be3 {
[%emt 0:03:05] Hoping for Nd4.} Qe7 $2 {[%emt 0:01:24] [#] A mistake that
costs the game.} (19... Qf7 $16 {was called for.} 20. Qa5 Qd7) 20. Rxc6 $1 $18 bxc6 21. Nd4 Rc8 22. Nxc6 Qd7 23. Nxa7 Rb8 24. b4 f5 25. Bc6 {[%emt 0:05:03] A strong pair of Bishops.} Qc7 26. b5 {[%emt 0:00:19] Black must now prevent Qb3+.} Nf6 27.
Qxd6 Qa5 28. Bd5+ Nxd5 29. Qxd5+ Kh8 30. Nc6 {
[%emt 0:00:05] Inhibits Rbd8.} Qxb5 31. Nxb8 Qxb8 32. a4 Qb2 33. Qb5 Qa2 34. Rd7 h6 35. h4 Qe6 36. Qb7 Be5 37. Bxh6 (37. Re7 $142 Qa2 38. Bxh6) 37...
Rg8 38. Rh7# {[%emt 0:00:05] Weighted Error Value: White=0.09
(flawless) /Black=0.61} 1-0

[Event "44th Chess Olympiad Open 2022"]
[Site "Chennai"]
[Date "2022.07.29"]
[Round "1.7"]
[White "Mansour, Sameer"]
[Black "Van Foreest, Jorden"]
[Result "0-1"]
[WhiteElo "2275"]
[BlackElo "2678"]
[Annotator "TA"]
[PlyCount "64"]
[EventDate "2022.??.??"]
[TimeControl "60"]

1. d4 Nf6 2. c4 g6 3. Nc3 Bg7 4. Nf3 O-O 5. Bg5 h6 6. Bh4 d6 7. e3 c5 8. Be2 g5 9. Bg3 Nh5 10. dxc5 Nxg3 11. hxg3 dxc5 12. Qc2 {
[%emt 0:04:03] [#] aiming for Rd1.} e6 {[%emt 0:00:04] E61: King's Indian:
Early deviations for White, including Smyslov System.} 13. Nd2 Nc6 14. Nde4 Qe7 {[%emt 0:12:18] The
position is equal.} 15. g4 Rd8 16. Ng3 b6 17. Nh5 {[%emt 0:02:38] [#]} Bh8 $146 ({Predecessor:} 17... Bb7 18. f3 Nb4 19. Qb3 Qd6 20. Rd1 Qe7
21. Kf2 Rxd1 22. Rxd1 Rd8 23. Nxg7 Kxg7 {1-0 (38) Schussler,H (2365)-Juhnke,K
Germany 1980}) 18. Ng3 {[%emt 0:12:05] Pair of Knights!} Nb4 19. Qb1 Bg7 20. a3 Nc6 21. Qe4 Bb7 {[%emt 0:
00:21] Hoping for ...Ne5.} 22. Bd3 $2 {[%emt 0:04:00] [#] This move loses the
game for White.} (22. Qc2 $1 $15) 22... f5 $1 $19 23. Nxf5 exf5 24. Qxf5 Ne5 25. Qh7+ Kf8 26. O-O-O Nxd3+ 27. Rxd3 Rxd3 28.
Qxd3 Rd8 29. Qf5+ Kg8 {
[%emt 0:01:08] White must now prevent ...Bxc3.} 30. Nd5 Bxd5 31. cxd5 Rf8 32. Qc2 Qf7 {[%emt 0:00:23][%csl Yd5,Yf2] Weighted Error Value:
White=0.42/Black=0.12 (very precise)} 0-1

[Event "44th Chess Olympiad Open 2022"]
[Site "Chennai"]
[Date "2022.07.29"]
[Round "1.7"]
[White "Aboudi, Marwan"]
[Black "Bok, Benjamin"]
[Result "0-1"]
[WhiteElo "2144"]
[BlackElo "2616"]
[Annotator "RC"]
[PlyCount "22"]
[EventDate "2022.??.??"]
[TimeControl "60"]

1. d4 Nf6 2. Nf3 d5 3. c4 e6 4. Nc3 dxc4 5. e3 a6 6. Bxc4 b5 7. Be2 Bb7 8. a3 c5 9. dxc5 Qd5 10. Qd3 Qxd3 11. Bd1 Qxd1+ 0-1

[Event "44th Chess Olympiad Open 2022"]
[Site "Chennai"]
[Date "2022.07.29"]
[Round "1.8"]
[White "Volokitin, Andrei"]
[Black "Kulpruethanon, Thanadon"]
[Result "1-0"]
[WhiteElo "2674"]
[BlackElo "2294"]
[Annotator "TA"]
[PlyCount "42"]
[EventDate "2022.??.??"]
[TimeControl "60"]

1. e4 e5 2. Nf3 Nc6 3. Bb5 a6 4. Ba4 Nf6 5. O-O Be7 6. Re1 b5 7. Bb3 d6 8. c3 O-O 9. h3 Re8 10. d4 Bb7 11. Nbd2 Bf8 12. a3 h6 13. Bc2 Nb8 14. b4 Nbd7 15. Bb2 g6 16. a4 {[%emt 0:00:00]
C93: Closed Ruy Lopez: Smyslov Variation.} Nb6 17. dxe5 dxe5 18. axb5 axb5 19. Qe2 c6 {[%emt 0:26:21] [#]} 20. Ra5 $146 ({Better is} 20. Rxa8 $14 Qxa8 21. Bb3) ({Predecessor:} 20. Rxa8 Bxa8
21. Qe3 Nbd7 22. Ra1 Qb6 23. Qxb6 Nxb6 24. Ra6 Nfd7 25. Bc1 c5 26. bxc5 Bxc5 {
½-½ (37) Drake Diez De Rivera,P (2555)-Marczell,P (2577) ICCF email 2007})
20... Ra7 $2 {[#]} 21. Rxa7 $18 Qa8 {[%emt 0:00:00] Weighted
Error Value: White=0.20 (precise) /Black=1.33} 1-0

[Event "44th Chess Olympiad Open 2022"]
[Site "Chennai"]
[Date "2022.07.29"]
[Round "1.8"]
[White "Shevchenko, Kirill"]
[Black "Arunnuntapanich, Tinnakrit"]
[Result "1-0"]
[WhiteElo "2654"]
[BlackElo "2117"]
[Annotator "TA"]
[PlyCount "81"]
[EventDate "2022.??.??"]
[TimeControl "60"]

1. e4 c5 2. c3 d5 3. exd5 Qxd5 4. d4 Nf6 5. Nf3 e6 6. Na3 cxd4 7. Nb5 Na6 8. Qxd4 Qxd4
{[%emt 0:04:49] is the legacy move (8...Bc5). B22: Sicilian: 2 c3.} (8... Be7 {
feels hotter.} 9. Bg5 Qxd4 10. Nbxd4 Nc5) 9. Nfxd4 Be7 10. Bf4 O-O {[%emt 0:03:59] The position is
equal.} 11. Be2 Rd8 12. Bf3 Nd5 13. Bg3 {[%emt 0:02:59] [#]} f6 $146 ({
Predecessor:} 13... Bf6 14. O-O-O e5 15. Nc2 Be6 16. Rhe1 Bg5+ 17. Kb1 f6 18.
Bxe5 fxe5 19. Rxe5 Nf4 20. Rxg5 Rxd1+ 21. Bxd1 {1-0 (29) Zanina,M (2088)-Sadek,
S (2266) Hammamet 2020}) 14. O-O-O Nb6 {[%emt 0:
00:00] White leaves nothing to chance now.} (14... e5 $14) 15. Nb3 $16 Rxd1+ 16. Rxd1 ({Much worse
is} 16. Bxd1 $6 Bd7 17. Be2 Nc5 $11) 16... e5 17. Nd6 {
[%emt 0:05:01] White is much more active.} Bxd6 18. Rxd6 Kf7 19. Rd8 Rb8 20. Rh8 Be6 21. Rxb8 ({
Resist} 21. Rxh7 $6 Nd7 $14) 21... Nxb8 22. Bxb7 Bd5 23. Nc5 Ke7 (23...
Bxb7 $142 24. Nxb7 N8d7) 24. Bxd5 $18 Nxd5 {[%emt 0:00:01]
Endgame KBN-KNN} 25. c4 Nb6 26. b3 Nc6 27. f4 exf4 28.
Bxf4 Nd7 $2 {[%emt 0:00:26] [#]} (28... Nc8 {was worth a try.}
29. g4 h6) 29. Nxd7 Kxd7 {[%emt 0:00:01] KB-KN} 30. Kd2 a6 31. Kc3 {[%emt 0:00:15] White is clearly
winning.} Ne7 32. b4 g5 33.
Be3 Nf5 34. Bf2 Nd6 {
[%emt 0:00:28] [#] aiming for ...Ne4+.} 35. Kd3 {[%emt 0:00:10] Inhibits Ne4.}
f5 36. a4 Ne4 37. Be3 h6 38. g4 Ke6 39. gxf5+ Kxf5 40. b5 axb5 41. cxb5 {[%emt 0:30:11] Weighted Error Value: White=0.02 
(flawless) /Black=0.28 (precise)} 1-0

[Event "44th Chess Olympiad Open 2022"]
[Site "Chennai"]
[Date "2022.07.29"]
[Round "1.8"]
[White "Laohawirapap, Prin"]
[Black "Kuzubov, Yuriy"]
[Result "0-1"]
[WhiteElo "2230"]
[BlackElo "2642"]
[Annotator "TA"]
[PlyCount "48"]
[EventDate "2022.??.??"]
[TimeControl "60"]

1. e4 e5 2. Nf3 Nf6 3. Nxe5 d6 4. Nf3 Nxe4 5. Nc3 Nxc3 6.
dxc3 Be7 7. Be3 O-O 8. Qd2 {[%emt 0:00:46] C42: Petroff Defence: 3
Nxe5 and unusual White 3rd moves.} Nd7 9. O-O-O c6 10. c4 {[%emt 0:22:29] The position is equal.} a6 $5 {
[%emt 0:02:16] A promising side line.} 11. Bf4 Nc5 {[%emt 0:
02:39] [#]} 12. Bd3 $146 ({Predecessor:} 12. Bxd6 Bxd6 13.
Qxd6 Qa5 14. Kb1 Bf5 15. Be2 Rfe8 16. Nd4 Rad8 17. Qf4 Bg6 18. Bf3 {0-1 (25)
Kislov,O (2249)-Burg,T (2514) Chess.com INT 2020}) 12... b5 13. Nd4 ({White should try} 13. Rhe1 $15) 13... Bd7 14. Rhe1 bxc4 15. Bxc4 d5 16. Bf1 (16. Bd3 $11) 16... Bf6 (16... Ne4 $17 17. Qe3 g5) 17. f3 (17. Qb4 $15
Be7 18. Qc3) 17... Na4 $17 {[%emt 0:04:32] And now ...c5 would win.} ({But not
} 17... Qb6 $6 18. c3 $11) 18. Be5 $2 {[%emt 0:05:08] [#] This costs White the
game.} (18. c3 $17 {might work better.}) 18... Bxe5 $1 $19 19.
Rxe5 Qb8 $1 20.
Qe3 $2 (20. b3 Qxe5 21. bxa4) 20... Qxb2+ {[%emt 0:01:01]
Black is clearly winning.} 21. Kd2 Rfe8 22.
Re1 Rxe5 23. Qxe5 Qb4+ 24. Kc1 f6 {[%emt 0:00:00] Weighted Error
Value: White=1.16/Black=0.08 (flawless)} 0-1

[Event "44th Chess Olympiad Open 2022"]
[Site "Chennai"]
[Date "2022.07.29"]
[Round "1.8"]
[White "Jingjang, Shin"]
[Black "Onyshchuk, Volodymyr"]
[Result "0-1"]
[WhiteElo "1956"]
[BlackElo "2612"]
[Annotator "TA"]
[PlyCount "67"]
[EventDate "2022.??.??"]
[TimeControl "60"]

1. d4 d6 2. Nf3 g6 3. Bg5 Bg7 4. Nbd2 h6 5. Bh4 Nc6 (5... g5 $1 $15 6. Bg3 g4)
6. c3 {A41:1 d4 d6: Tartakower System and Modern Defence.} f5 {Threatens to
win with ...g5.} 7. e3 Nf6 8. Bc4 {White has an edge.} e6 9. O-O {[#]} g5 $146
({Predecessor:} 9... Qe7 10. d5 exd5 11. Bxf6 Qxf6 12. Bxd5 Be6 13. Bxc6+ bxc6
14. Nd4 Bd7 15. Qb3 c5 {0-1 (38) Yordanov,V (1614)-Friedrichs,K (2298) Golden
Sands 2014}) 10. Bg3 O-O 11. Qc2 Nh5 12. Rad1 Qf6 13. a4 Ne7 14. Qb3 Kh8 15.
Be2 Qf7 16. h3 Nxg3 17. fxg3 Nd5 18. c4 Nf6 19. c5 dxc5 20. Ne5 Qe8 21. dxc5 Ne4 22. Ndc4 (22.
Nxe4 $5 Bxe5 23. Nd2 $11) 22... Nxc5 23. Qb4 Nxa4 {[%cal Ya7a5]
Strongly threatening ...a5!} 24. Nd6 cxd6 25. Bb5 {[#]} Qd8 26. Ng6+ Kg8 {
[%cal Ya4c5] White must now prevent ...Nc5!} 27. Nxf8 (27. Rxd6 $11 {keeps the
balance.} Qc7 28. Bxa4) 27... Nxb2 $17 28. Rxd6 Qxf8 29. Qd2 $1 Bf6 {[#]
Inhibits Rd8. Hoping for ...a6.} 30. Rc1 $2 {Loses the game.} (30. g4 $17)
30... a6 $19 31. Be2 Na4 32. Bf3 Nc3 33. Rd3 Nb5 34. Rd1 {Weighted Error Value:
White=0.30/Black=0.14 (very precise)} 0-1

[Event "44th Chess Olympiad Open 2022"]
[Site "Chennai"]
[Date "2022.07.29"]
[Round "1.9"]
[White "Svane, Rasmus"]
[Black "Abdelazeez, Mohamed Abdalla"]
[Result "1-0"]
[WhiteElo "2649"]
[BlackElo "2182"]
[Annotator "TA"]
[PlyCount "59"]
[EventDate "2022.??.??"]
[TimeControl "60"]

1. e4 c5 2. Nf3 Nc6 3. d4 cxd4 4. Nxd4 g6 5. c4 e5 6. Nc2 {[%emt 0:07:51] B36: Sicilian:
Maroczy Bind: Gurgenidze System.} d6 7. Nc3 Be6 {[%emt 0:00:14] [#]} 8. Be2 $146 {[%emt 0:00:46] White is better.} ({
Predecessor:} 8. Ne3 Bg7 9. Ned5 a6 10. Be3 Nge7 11. Bb6 Qc8 12. Nc7+ Kf8 13.
Nxa8 Qxa8 14. Qxd6 {1-0 (23) Kolar,T (2046)-Sukopcak,M (1834) Banska Stiavnica
2007}) 8... a6 9. Be3 Nf6 10. Qd2 Rc8 11. O-O Bg7 12. Rac1 O-O 13. Rfd1 Qc7 14. f3 ({Reject} 14. Qxd6
$6 Nd4 15. Qxc7 Nxe2+ 16. Nxe2 Rxc7 $11) 14... Rfd8 15. Nd5 Bxd5 16. cxd5 Nb8 17. Na3 Qe7 18. Nc4 Nh5 19. Bd3 Nf4 20. g3 (20. Bxf4 exf4 21. Kh1 (21. Qxf4 b5 $11) 21... Nd7 $14) 20...
Nxd3 21. Qxd3 Rf8 22. Qa3 $1
$36 {[%emt 0:02:59] White is really pushing.} Rcd8 23. Bd2 {
[%emt 0:01:44] Hoping for Bb4. White is much more active.} b5 {[%emt 0:00:42] 
[#]} (23... Rfe8 $16 {was called for.} 24. Ba5 Rd7) 24. Na5 $1 $18 f5 {[%emt 0:07:35] [#]} (24... Qd7 {was worth a try.} 25. Nc6 Rc8) 25. Nc6
$1 Nxc6 26. dxc6 fxe4 27. fxe4 Rf7 28. Qxa6 {
[%emt 0:07:04] Strongly threatening c7.} Qe6 29. Rf1 Rdf8 (29... Rxf1+ $142 30. Kxf1 Rf8+ 31. Kg1 Qg4) 30.
Qxb5 {[%emt 0:01:20] Weighted Error Value: White=0.06 (flawless) / Black=0.31}
({Not} 30. c7 Rxf1+ 31. Rxf1 Rxf1+ 32. Kxf1 Qc4+ 33. Kf2 Qxc7 $16) 1-0